Map: Acolyte LE

Players

McMonMEMEroe - Winner!

  • Race: Zerg Zerg
  • League: Master
  • Spawn Location: 7:00

Teletubby

  • Race: Terran Terran
  • League: Master
  • Spawn Location: 1:00

VOD

https://go.twitch.tv/videos/186074637

Description

Time

  • Played on: Oct. 28, 2017, 9:14 p.m.
  • Length: 12:33
Show
View Real Time Build Order
Export as new Build Order

McMonMEMEroe Zerg - Winner!

Build Orders: Hatch First 

Get SALT Encoding   

  12  0:00  Drone  
  13  0:12  Overlord  
  13  0:17  Drone  
  14  0:30  Drone x2  
  14  0:33  Drone  
  17  0:51  Hatchery  
  17  0:54  Drone  
  17  0:57  Drone  
  18  1:07  Extractor  
  17  1:12  Spawning Pool  
  17  1:15  Drone  
  17  1:18  Drone  
  18  1:27  Drone  
  19  1:38  Overlord  
  19  1:59  Queen  
  19  2:00  Zergling x4  
  23  2:02  Queen  
  23  2:03  Zergling x2  
  26  2:10  Metabolic Boost  
  26  2:11  Drone  
  26  2:15  Drone  
  28  2:21  Drone  
  29  2:25  Drone  
  30  2:32  Drone  
  30  2:36  Drone  
  32  2:40  Hatchery  
  31  2:44  Overlord  
  31  2:47  Drone  
  32  2:54  Queen  
  32  2:56  Drone  
  35  3:01  Drone  
  36  3:07  Drone  
  36  3:08  Drone  
  36  3:09  Drone x2  
  36  3:12  Overlord  
  40  3:17  Drone x2  
  40  3:19  Drone  
  43  3:21  Zergling x2  
  43  3:25  Overlord  
  44  3:31  Queen  
  46  3:35  Zergling x4  
  46  3:40  Zergling x4  
  50  3:41  Drone  
  50  3:46  Drone x2  
  53  3:52  Drone x2  
  53  3:55  Queen  
  57  3:56  Overlord  
  57  4:02  Drone x4  
  61  4:06  Drone  
  61  4:09  Queen  
  65  4:17  Drone x5  
  65  4:23  Overlord  
  69  4:25  Evolution Chamber  
  69  4:26  Evolution Chamber  
  69  4:28  Drone x2  
  69  4:31  Drone  
  70  4:32  Drone  
  70  4:35  Drone  
  70  4:38  Drone x2  
  74  4:42  Drone x2  
  74  4:44  Queen  
  78  4:51  Roach Warren  
  77  4:55  Extractor  
  77  4:56  Extractor x2  
  77  4:57  Zerg Ground Armor Level 1, Extractor, Zerg Missile Weapons Level 1  
  73  5:00  Drone x7  
  73  5:06  Overlord x2  
  80  5:08  Overlord x2  
  80  5:11  Overlord  
  80  5:31  Roach  
  80  5:32  Roach x9  
  100  5:37  Roach x2  
  100  5:41  Overlord  
  100  5:42  Overlord  
  104  5:44  Zergling x6  
  104  5:49  Overlord  
  107  5:50  Lair  
  107  5:52  Zergling x4  
  109  5:58  Ravager x2  
  109  6:02  Ravager  
  112  6:05  Zergling x14  
  106  6:21  Zergling x12  
  106  6:24  Ravager x3  
  106  6:25  Ravager  
  114  6:26  Overlord  
  114  6:30  Zergling x4  
  116  6:39  Roach x2  
  116  6:40  Hatchery  
  116  6:41  Drone  
  116  6:44  Drone x2  
  116  6:45  Extractor  
  119  6:47  Ravager x3  
  119  6:52  Drone x9  
  126  6:57  Glial Reconstitution  
  121  7:05  Zergling x6  
  114  7:12  Zergling x4  
  105  7:16  Spire  
  105  7:21  Drone  
  105  7:26  Drone x7  
  112  7:32  Zerg Missile Weapons Level 2, Zerg Ground Armor Level 2, Drone  
  112  7:35  Overseer  
  112  7:36  Hatchery  
  112  7:40  Extractor  
  112  7:41  Extractor  
  112  7:42  Drone x2  
  112  7:43  Drone  
  113  7:48  Drone x3  
  113  7:49  Overlord x3  
  113  7:50  Zergling x10  
  121  7:59  Roach x3  
  121  8:04  Roach  
  121  8:05  Roach  
  131  8:13  Roach x3  
  137  8:29  Mutalisk x7  
  137  8:31  Overlord x4, Hatchery  
  150  8:44  Ravager x5  
  150  8:45  Roach, Zergling x6  
  150  8:48  Overlord x3  
  160  8:52  Zerg Flyer Armor Level 1  
  160  8:57  Zergling x10  
  160  8:58  Zergling x12  
  171  9:08  Mutalisk x3  
  164  9:14  Mutalisk x2  
  140  9:17  Zergling x18  
  140  9:23  Drone x2  
  139  9:28  Infestation Pit, Zergling x4  
  139  9:30  Zergling x12  
  142  9:35  Drone x2  
  142  9:37  Hydralisk Den, Baneling Nest  
  142  9:42  Zergling x12  
  145  10:02  Roach x6  
  145  10:03  Roach x8  
  173  10:19  Hive  
  173  10:20  Centrifical Hooks, Muscular Augments  
  173  10:22  Zerg Melee Weapons Level 1  
  173  10:25  Drone x2  
  173  10:27  Drone x4  
  173  10:28  Drone x2  
  181  10:33  Roach  
  181  10:34  Hydralisk x5  
  193  10:48  Extractor  
  190  10:53  Overlord x2  
  190  10:54  Extractor  
  189  11:02  Pneumatized Carapace  
  189  11:03  Overseer x2  
  189  11:05  Overseer x2  
  189  11:22  Hydralisk x6  
  199  11:55  Hatchery  
  199  11:58  Hatchery  
  199  12:00  Baneling x9  
  197  12:01  Baneling  
  197  12:02  Baneling x6  
  180  12:22  Ravager x2  
  194  12:23  Ravager x2  
Show
View Real Time Build Order
Export as new Build Order

Teletubby Terran 

Build Orders: Command Center First (CC) 

Get SALT Encoding   

  12  0:00  SCV  
  13  0:12  SCV  
  14  0:18  Supply Depot  
  14  0:25  SCV  
  15  0:39  SCV  
  16  0:51  SCV  
  17  1:01  Command Center  
  17  1:04  SCV  
  18  1:16  Barracks  
  18  1:20  SCV  
  19  1:27  Refinery  
  19  1:32  SCV  
  20  1:34  Refinery  
  20  1:44  SCV  
  21  1:56  SCV  
  22  2:04  Marine  
  23  2:08  Orbital Command  
  23  2:14  Factory  
  23  2:21  Orbital Command  
  23  2:24  Barracks Reactor  
  23  2:35  SCV  
  24  2:47  SCV  
  24  2:48  Factory  
  25  2:52  SCV  
  26  3:03  Armory, SCV  
  27  3:09  SCV  
  27  3:10  Hellion  
  27  3:11  Hellion  
  32  3:15  SCV  
  32  3:17  Barracks Reactor  
  33  3:21  SCV  
  34  3:27  Supply Depot, SCV  
  34  3:33  Factory  
  35  3:37  Factory Reactor  
  35  3:38  SCV  
  35  3:40  SCV  
  37  3:49  Hellion  
  37  3:51  SCV  
  37  3:52  SCV  
  37  3:55  Supply Depot  
  41  3:59  Terran Vehicle Weapons Level 1  
  41  4:01  Supply Depot  
  41  4:02  Refinery  
  41  4:03  Refinery, SCV  
  41  4:04  SCV  
  43  4:12  Hellion  
  43  4:15  SCV  
  43  4:17  SCV, Hellion  
  49  4:27  SCV  
  49  4:29  Supply Depot, Cyclone  
  49  4:30  SCV, Cyclone  
  57  4:42  Hellion, Cyclone  
  62  4:50  SCV x2  
  62  4:51  Supply Depot  
  62  4:52  Supply Depot  
  64  5:00  Cyclone  
  64  5:02  Cyclone  
  70  5:13  Hellion, SCV x2, Cyclone  
  77  5:19  Supply Depot  
  77  5:20  Hellion  
  79  5:22  Supply Depot  
  79  5:25  SCV  
  79  5:26  Cyclone  
  83  5:33  Hellion  
  85  5:41  Hellion, Cyclone  
  85  5:42  Supply Depot, Cyclone  
  93  5:52  Supply Depot  
  93  5:53  Terran Vehicle Weapons Level 2  
  93  5:58  Hellion x2  
  97  6:06  Supply Depot  
  91  6:16  Cyclone  
  91  6:17  Hellion, Cyclone  
  82  6:20  Hellion, Cyclone  
  82  6:25  Hellion  
  80  6:38  Cyclone  
  83  6:41  Hellion  
  83  6:46  Cyclone  
  88  6:48  Supply Depot  
  88  6:49  Hellion  
  88  6:53  Command Center  
  86  7:06  Hellion, Cyclone x2  
  82  7:10  Cyclone  
  82  7:11  Hellion  
  71  7:18  Hellion  
  71  7:27  Cyclone  
  74  7:32  Hellion  
  76  7:38  Hellion, Cyclone  
  76  7:40  Hellion  
  76  7:42  Cyclone  
  86  7:50  SCV x2  
  88  7:53  Cyclone  
  88  7:56  Engineering Bay  
  91  7:59  Hellion  
  91  8:02  SCV x2  
  95  8:07  Cyclone x2  
  95  8:10  Hellion  
  95  8:11  Orbital Command  
  103  8:14  SCV x2  
  103  8:15  Hellion  
  107  8:21  Hellion  
  107  8:23  Supply Depot  
  107  8:25  Cyclone  
  107  8:27  SCV  
  113  8:31  Cyclone  
  116  8:36  Hellion  
  116  8:39  Hellion, Cyclone  
  123  8:44  Cyclone  
  123  8:47  SCV x3  
  129  8:58  Hellion x2  
  129  9:01  Hellion  
  135  9:03  Cyclone  
  127  9:11  Cyclone  
  127  9:16  Hellion  
  100  9:19  Hellion  
  100  9:20  Cyclone  
  100  9:22  Cyclone  
  94  9:28  Missile Turret  
  94  9:29  Missile Turret  
  83  9:31  Missile Turret  
  83  9:33  Missile Turret  
  83  9:36  Cyclone  
  83  9:37  Cyclone  
  89  9:44  SCV x3, Missile Turret  
  92  9:46  Refinery x2  
  92  9:51  Missile Turret  
  88  9:56  SCV x3  
  89  10:08  SCV x2  
  89  10:11  Missile Turret x2  
  89  10:13  Widow Mine x3  
  97  10:16  Factory  
  97  10:17  Factory  
  97  10:23  Terran Vehicle And Ship Armor Level 1  
  97  10:24  Widow Mine x3  
  97  10:28  SCV x2  
  105  10:34  Barracks Tech Lab  
  101  10:48  Widow Mine x2  
  101  10:58  Widow Mine x3  
  101  11:00  Command Center  
  101  11:03  Supply Depot  
  105  11:04  Factory Tech Lab  
  105  11:05  Supply Depot  
  105  11:09  Barracks Tech Lab  
  105  11:11  Hellion  
  107  11:17  Thor, Hellion x2  
  117  11:27  Hellion x2  
  120  11:34  Thor  
  120  11:35  Widow Mine  
  128  11:49  Command Center  
  128  11:50  Supply Depot  
  128  11:58  Hellion x3  
  128  11:59  Hellion x2  
  144  12:06  Factory  
Tags
 
Add a new tag
Caveats
  • Supply blocks, unpowered buildings, or Contaminate may cause inaccurate times.
  • Supply counts are checked every 10 seconds.